 Dungeon Crawl Stone Soup version 0.30-a0-1124-g6e8f0f562f (webtiles) character file.

Game seed: 14332477946548353003

1082 Sobieck the Covert (level 8, -2/50 HPs)
             Began as a Kobold Brigand on Apr 23, 2023.
             Splashed by a jelly's acid (4 damage)
             ... on level 5 of the Dungeon.
             The game lasted 00:12:20 (4944 turns).

Sobieck the Covert (Kobold Brigand)                 Turns: 4944, Time: 00:12:20

Health: -2/50      AC: -19   Str:  9    XL:     8   Next: 55%
Magic:  17/17      EV: 17    Int: 12    God:
Gold:   204        SH:  0    Dex: 18    Spells: 7/7 levels left

rFire   . . .        a - +2 dagger {short}
rCold   . . .        (no shield)
rNeg    . . .        B - +0 robe
rPois   .            (no helmet)
rElec   .            c - +0 cloak
rCorr   .            x - +0 pair of gloves
SInv    .            J - +0 pair of boots
Will    .....        n - amulet of the acrobat
Stlth   +++++        o - ring of magical power
HPRegen 0.28/turn    (no ring)
MPRegen 0.15/turn

%: acrobat
@: corroded
A: small, no large weapons, nightstalker 3
a: no special abilities


You were on level 5 of the Dungeon.
You visited 1 branch of the dungeon, and saw 5 of its levels.
You also visited: Sewer.

You collected 204 gold pieces.


Innate Abilities, Weirdness & Mutations

You are small and have problems with some larger weapons.
You are completely attuned to the shadows.


   Skills:
 + Level 5.5 Fighting
 + Level 6.8 Short Blades
 - Level 2.1 Throwing
 + Level 5.6 Dodging
 + Level 8.6 Stealth


You had 7 spell levels left.
You didn't know any spells.
Your spell library contained the following spells:

 Spells                   Type           Power      Damage    Failure   Level
 Apportation              Tloc           0%         N/A       32%         1
 Magic Dart               Conj           0%         1d3       32%         1
 Slow                     Hex            0%         N/A       32%         1
 Searing Ray              Conj           0%         2d4       45%         2
 Confusing Touch          Hex            0%         N/A       69%         3
 Vampiric Draining        Necr           0%         2d6       69%         3
 Fulminant Prism          Conj/Hex       0%         3d5       97%         4
 Alistair's Intoxication  Tmut/Pois      0%         N/A       100%        5

Inventory:

Hand Weapons
 a - a +2 dagger (weapon) {short}
 b - the +5 sling "Gyuschym" {flame, rElec rF+ rC+ Int-3 Stlth+}
   (You found it on level 5 of the Dungeon)

   Int:       It affects your intelligence (-3).
   rF:        It protects you from fire.
   rC:        It protects you from cold.
   rElec:     It insulates you from electricity.
   Stlth:     It makes you more stealthy.
 q - a +2 short sword of venom {short}
   (You took it off an orc on level 3 of the Dungeon)
 z - a +1 heavy hammer
   (You found it on level 3 of the Dungeon)
 H - a +2 spectral club {mace}
   (You took it off Jessica on level 3 of the Dungeon)
 I - a +2 quarterstaff of chaos {staff}
   (You took it off Crazy Yiuf on level 3 of the Dungeon)
Missiles
 d - 14 poisoned darts (quivered) {throwing}
 e - 6 curare-tipped darts {=fthrowing}
 g - 42 stones {throwing}
Armour
 c - a +0 cloak (worn)
 f - a +0 robe
   (You found it on level 1 of the Dungeon)
 i - a +0 leather armour
   (You found it on level 1 of the Dungeon)
 l - a +0 ring mail
   (You found it on level 1 of the Dungeon)
 s - a +0 ring mail
   (You found it on level 2 of the Dungeon)
 v - a +0 leather armour
   (You found it on level 3 of the Dungeon)
 w - a +0 ring mail
   (You found it on level 3 of the Dungeon)
 x - a +0 pair of gloves (worn)
   (You found it on level 3 of the Dungeon)
 A - a +0 leather armour
   (You took it off an orc on level 3 of the Dungeon)
 B - a +0 robe (worn)
 C - a +0 scale mail
   (You found it on level 3 of the Dungeon)
 E - a +0 robe
   (You took it off Sigmund on level 3 of the Dungeon)
 F - a +0 robe
   (You took it off Jessica on level 3 of the Dungeon)
 G - a +0 leather armour
   (You took it off an orc on level 4 of the Dungeon)
 J - a +0 pair of boots (worn)
   (You found it on level 4 of the Dungeon)
 K - a +0 robe
   (You found it on level 4 of the Dungeon)
 L - a +0 robe
   (You found it on level 4 of the Dungeon)
 M - a +0 robe
   (You took it off a wight on level 4 of the Dungeon)
 N - a +0 robe
   (You took it off a wight on level 4 of the Dungeon)
Jewellery
 n - an amulet of the acrobat (around neck)
   (You found it on level 3 of the Dungeon)
 o - a ring of magical power (left hand)
   (You found it on level 2 of the Dungeon)
Scrolls
 h - a scroll of immolation {!r!r}
 j - 3 scrolls of teleportation {@r4}
 m - a scroll of poison {unknown}
 r - 3 scrolls of identify {unknown}
 t - a scroll of brand weapon {unknown}
 y - 3 scrolls of fear {unknown}
Potions
 k - 3 potions of flight
 p - 2 potions of mutation {!q}
 D - a potion of degeneration {!q@e2}

Dungeon Overview and Level Annotations

Branches:
Dungeon (5/15) Zot: 25870   Sewer (visited)
 Temple: D:4-7

Altars:
Nemelex Xobeh
Qazlal
Trog
Yredelemnul
Zin

Shops:
D:5 [

Annotations:
D:1 1 transporter
D:2 Grinder

,* #.#.#.#.#.#.#..#.# ,*
##.#.#.#.#.#..##.# ,****
#.#.#.#.#.#.####.#***
,,,,***** *#.#.#.#.#.#.#
*,,,,* ***,,,,,**
#.#.#.#.#.#.##**,,,,* *,,,,,,*
###.##......#*,,,,,,*
*,,,,*,*** #).#.######*,*,,,,*
*,,,,*,,,* ##...# *,,+,,,,*
*,,,,***,* ##@## *,**,,,,*
*,******,****#J#******,*******
*,* *,,,,,,,,...,,,,,,,* *,*
*8**,,,,#####*******
*,***,*,,,,>,,*
*,,8,∩,8,,*,*** *****<**,,*,*
*8**,,,,* *,,,,****


You could see a jelly.


Message History

a +0 club {mace}; a +0 sling; a goblin corpse
There is an entrance to Buzyts's Antique Armour Shop here.
Unknown command.
You can access your shopping list by pressing '$'.
Unknown command.
q - the +5 sling "Gyuschym" {flame, rElec rF+ rC+ Int-3 Stlth+} Unknown command.
Adjust (i)tems, (s)pells, or (a)bilities?
q - the +5 sling "Gyuschym" {flame, rElec rF+ rC+ Int-3 Stlth+} Adjust to which letter? (? for menu, Esc to quit)
b - the +5 sling "Gyuschym" {flame, rElec rF+ rC+ Int-3 Stlth+}
q - a +2 short sword of venom {short} You feel stupid.
The +5 sling "Gyuschym" {flame, rElec rF+ rC+ Int-3 Stlth+} bursts into flame!
b - the +5 sling "Gyuschym" (weapon)
{flame, rElec rF+ rC+ Int-3 Stlth+} Unknown command.
A hound comes into view.
The hound moves out of view.
Unknown command.
Danger!
You shoot a sling bullet.
The sling bullet closely misses the hound.
The hound barks!
You hear an angry hiss.
You shoot a sling bullet. The sling bullet hits the hound!
The sling bullet burns the hound.
You hear an angry hiss.
The hound closely misses you.
The +5 sling "Gyuschym" {flame, rElec rF+ rC+ Int-3 Stlth+} stops flaming.
a - a +2 dagger (weapon)
{short} The hound barely misses you.
You hit the hound but do no damage. The hound bites you but does no damage.
You hit the hound. The hound barely misses you.
An adder comes into view.
You closely miss the hound. The hound barely misses you.
The adder completely misses you.
You closely miss the hound. The hound bites you. The adder closely misses you.
You barely miss the hound. The hound completely misses you.
The adder barely misses you.
You hit the hound. The hound closely misses you.
You hit the hound.
You kill the hound!
The adder misses you.
You hit the adder. The adder misses you.
You barely miss the adder. The adder barely misses you.
You hit the adder. The adder closely misses you.
You closely miss the adder. The adder closely misses you.
You hit the adder.
You kill the adder!
No target in view!
No target in view!
You see here a hound corpse.
A jelly comes into view.
Danger!
The jelly quivers.
The jelly closely misses you.
You hit the jelly.
Your hands burn!
You hit the jelly. The acid corrodes you!
Your hands burn!
You hit the jelly.
Your hands burn!
The jelly misses you.
You hit the jelly but do no damage.
Your hands burn!
The jelly completely misses you.
You hit the jelly.
Your hands burn!
You hit the jelly but do no damage. The acid corrodes you!
Your hands burn!
The jelly hits you.
You are splashed with acid!
You are too injured to fight recklessly!
You are too injured to fight recklessly!
Unknown command.
You hit the jelly but do no damage.
Your hands burn!
* * * LOW HITPOINT WARNING * * *
The jelly barely misses you.
You hit the jelly but do no damage.
Your hands burn!
* * * LOW HITPOINT WARNING * * *
Unknown command.
You hit the jelly but do no damage.
Your hands burn!
* * * LOW HITPOINT WARNING * * *
The jelly hits you.
* * * LOW HITPOINT WARNING * * *
The acid corrodes you!
You are splashed with acid!
* * * LOW HITPOINT WARNING * * *
Unknown command.
Unknown command.
You feel better. The jelly misses you.
Unknown command.
You hit the jelly but do no damage. The acid corrodes you!
Your hands burn!
* * * LOW HITPOINT WARNING * * *
The jelly closely misses you.
Unknown command.
Okay, then.
Unknown command.
You hit the jelly but do no damage.
Your hands burn!
* * * LOW HITPOINT WARNING * * *
Unknown command.
You hit the jelly but do no damage. The acid corrodes you!
Your hands burn!
* * * LOW HITPOINT WARNING * * *
The jelly closely misses you.
Unknown command.
You hit the jelly.
Your hands burn!
* * * LOW HITPOINT WARNING * * *
The jelly closely misses you.
You hit the jelly but do no damage. The acid corrodes you!
Your hands burn!
You die...

Skill      XL: |  1  2  3  4  5  6  7  8 |
---------------+-------------------------+-----
Short Blades   | 3 4 5 6 |  6.8
Fighting       | 3 4 5 |  5.5
Dodging        | 2 3 4 5 |  5.6
Stealth        | 6 7 8 |  8.6
Throwing       | |  2.1

Action                     |  1- 3 |  4- 6 |  7- 9 || total
---------------------------+-------+-------+-------++-------
  Melee: Dagger            |    24 |    88 |   294 ||   406
         Short sword       |       |     4 |     4 ||     8
         Punch             |       |       |     3 ||     3
   Fire: Sling             |       |       |     2 ||     2
  Throw: Dart              |       |     3 |       ||     3
    Use: Potion            |       |     2 |     8 ||    10
         Scroll            |       |       |     4 ||     4
   Stab: Sleeping          |    10 |    32 |    35 ||    77
         Distracted        |       |       |     1 ||     1
 Armour: Robe              |     5 |     6 |    31 ||    42
         Skin              |       |       |    21 ||    21
  Dodge: Dodged            |     9 |    50 |   184 ||   243

Levels and vault maps discovered:
D:1:      spicycebolla_arrival_risky_transporter, layout_rooms,
          minmay_misc_feat_columns, minmay_misc_feat_enclosed
D:2:      minmay_alternating_diamond, layout_basic, basic_ecumenical_altar
D:3:      layout_loops_corners, old_standard_altar, old_standard_altar,
          uniq_sigmund, uniq_jessica, uniq_crazy_yiuf_cottage, uniq_grinder
D:4:      layout_basic, lemuel_coloured_pillars_altar,
          lemuel_mausoleum_altar_yredelemnul, nemelex_spade_bored_becter,
          cheibrodos_sewer_entry_drain, nicolae_zen_rock_garden
D:5:      layout_basic, jmf_multi_god_temple, serial_shops,
          nicolae_shop_statue_plus, shop, nicolae_square_shop, minivault_23

Notes
Turn   | Place    | Note
-------+----------+-------------------------------------------
     0 | D:1      | Sobieck the Kobold Brigand began the quest for the Orb.
     0 | D:1      | Reached XP level 1. HP: 12/12 MP: 1/1
   206 | D:1      | Reached XP level 2. HP: 18/18 MP: 2/2
   211 | D:1      | Reached skill level 3 in Short Blades
   676 | D:2      | Noticed an ogre
   680 | D:2      | Killed an ogre
   681 | D:2      | Reached skill level 3 in Fighting
   681 | D:2      | Reached skill level 2 in Dodging
   681 | D:2      | Reached skill level 6 in Stealth
   681 | D:2      | Reached XP level 3. HP: 23/23 MP: 3/3
   681 | D:2      | Reached XP level 4. HP: 28/28 MP: 4/4
   681 | D:2      | Reached XP level 5. HP: 32/32 MP: 5/5
   710 | D:2      | You pick up a book of Party Tricks and begin reading...
   710 | D:2      | You add the spells Apportation and Alistair's Intoxication
                  | to your library.
   795 | D:2      | Reached skill level 4 in Short Blades
   917 | D:2      | Found a faded altar of an unknown god.
  1040 | D:2      | You pick up a book of Debilitation and begin reading...
  1040 | D:2      | You add the spells Slow, Vampiric Draining and Confusing
                  | Touch to your library.
  1091 | D:2      | Reached skill level 3 in Dodging
  1453 | D:2      | You pick up a book of Conjurations {@e2} and begin
                  | reading...
  1453 | D:2      | You add the spells Magic Dart, Searing Ray and Fulminant
                  | Prism to your library.
  1505 | D:3      | Noticed Grinder
  1507 | D:3      | Paralysed by Grinder for 3 turns
  1523 | D:2      | HP: 4/32 [Grinder (6)]
  1691 | D:3      | Found a bloodstained altar of Trog.
  1750 | D:3      | Noticed Sigmund
  1997 | D:3      | Found a glowing silver altar of Zin.
  2124 | D:3      | Reached XP level 6. HP: 38/38 MP: 6/6
  2381 | D:3      | Killed Sigmund
  2382 | D:3      | Reached skill level 4 in Fighting
  2382 | D:3      | Reached skill level 5 in Short Blades
  2382 | D:3      | Reached skill level 4 in Dodging
  2382 | D:3      | Reached skill level 7 in Stealth
  2382 | D:3      | Reached XP level 7. HP: 43/43 MP: 7/7
  2422 | D:3      | Noticed Jessica
  2427 | D:3      | Killed Jessica
  2846 | D:3      | Found a runed translucent door.
  2849 | D:3      | Noticed Crazy Yiuf
  2854 | D:3      | Killed Crazy Yiuf
  3045 | D:4      | Found a glowing drain.
  3056 | Sewer    | Entered a sewer
  3113 | Sewer    | HP: 11/44 [poisoned by an adder]
  3617 | Sewer    | HP: 6/44 [river rat (8)]
  3634 | Sewer    | HP: 9/66 [river rat (4)]
  4108 | D:4      | Found a stormy altar of Qazlal.
  4169 | D:4      | Found a basalt altar of Yredelemnul.
  4200 | D:4      | Reached skill level 6 in Short Blades
  4200 | D:4      | Reached XP level 8. HP: 34/48 MP: 8/8
  4256 | D:4      | Reached skill level 5 in Fighting
  4300 | D:4      | Reached skill level 5 in Dodging
  4300 | D:4      | Reached skill level 8 in Stealth
  4625 | D:4      | Found a sparkling altar of Nemelex Xobeh.
  4858 | D:5      | Entered Level 5 of the Dungeon
  4870 | D:5      | Found Buzyts's Antique Armour Shop.
  4879 | D:5      | Identified the +5 sling "Gyuschym" {flame, rElec rF+ rC+
                  | Int-3 Stlth+}
  4938 | D:5      | HP: 12/50 [jelly (3)]
  4938 | D:5      | HP: 3/50 [acid (9)]
  4943 | D:5      | HP: 2/50 [acid (3)]
  4944 | D:5      | Splashed by a jelly's acid

Vanquished Creatures
  Sigmund (D:3)
  An ogre (D:2)
  2 necrophages (D:4)
  A scorpion (D:5)
  2 wights (D:4)
  A howler monkey (D:4)
  A hound (D:5)
  A human zombie (D:4)
  Crazy Yiuf (D:3)
  A sleepcap (D:5)
  Jessica (D:3)
  A scorpion zombie (D:4)
  3 hound zombies (D:4)
  2 mummies (D:4)
  13 adders
  3 river rats (Sewer)
  An adder zombie (D:4)
  2 worms
  A dart slug (D:2)
  6 orcs
  12 bats
  5 endoplasms
  7 giant cockroaches
  8 goblins
  8 hobgoblins
  4 jackals (D:3)
  14 quokkas
  12 ball pythons
  7 frilled lizards
  7 kobolds
  5 rats
134 creatures vanquished.

Vanquished Creatures (others)
  2 fungi (D:3)
2 creatures vanquished.

Grand Total: 136 creatures vanquished

Table legend:
 A = Non-vault XP
 B = Vault XP
 C = Vault XP percentage of total XP
 D = Non-vault monster count
 E = Vault monster count
 F = Vault count percentage of total count
                 A         B        C        D         E       F
            +---------+---------+-------+---------+---------+-------
      Total |     546 |    1000 |  64.7 |      78 |      56 |  41.8
            +---------+---------+-------+---------+---------+-------
        D:1 |      21 |       0 |   0.0 |      14 |       0 |   0.0
        D:2 |     146 |      23 |  13.6 |      16 |       6 |  27.3
        D:3 |     100 |     322 |  76.3 |      27 |       3 |  10.0
        D:4 |     105 |     511 |  83.0 |      16 |      15 |  48.4
        D:5 |     174 |       0 |   0.0 |       5 |       0 |   0.0
      Sewer |       0 |     144 | 100.0 |       0 |      32 | 100.0
            +---------+---------+-------+---------+---------+-------

Illustrated notes

Table legend:
 A = Kills in this place as a percentage of kills in the entire game.
 B = Kills by you in this place as a percentage of kills by you in the entire game.
 C = Kills by friends in this place as a percentage of kills by friends in the entire game.
 D = Other kills in this place as a percentage of other kills in the entire game.
 E = Experience gained in this place as a percentage of experience gained in the entire game.
 F = Experience gained in this place divided by the number of levels of this place that you have seen.
                   A       B       C       D       E      F
               +-------+-------+-------+-------+-------+----------------------
         Total | 100.0 | 100.0 |   N/A |   N/A | 100.0 | 257.7
       Dungeon |  76.1 |  76.1 |   N/A |   N/A |  90.7 | 280.4
         Sewer |  23.9 |  23.9 |   N/A |   N/A |   9.3 | 144.0
               +-------+-------+-------+-------+-------+----------------------

Table legend: (Time is in decaauts)
 A = Elapsed time spent in this place.
 B = Non-inter-level travel time spent in this place.
 C = Inter-level travel time spent in this place.
 D = Time resting spent in this place.
 E = Time spent auto-exploring this place.
 F = Levels seen in this place.
 G = Mean time per level.
                   A        B        C        D        E       F      G
               +--------+--------+--------+--------+--------+-----+--------+
         Total |   4911 |   4712 |    199 |    484 |   3048 |   6 |  818.5 |
       Dungeon |   4129 |   3930 |    199 |    176 |   2978 |   5 |  825.8 |
         Sewer |    781 |    781 |      0 |    308 |     70 |   1 |  781.0 |
               +--------+--------+--------+--------+--------+-----+--------+

Top non-repeatable levels by time:
     D:3: 1443 daAuts
     D:4: 1115 daAuts
     D:2: 1036 daAuts
   Sewer: 781 daAuts
     D:1: 458 daAuts
     D:5: 75 daAuts
